Oilers vs Flames

Created - 23 février 2015 at 19:04

Goals
1 2 3 T
Oilers 0 1 1 2
Flames 3 0 1 4
Shots
1 2 3 T
Oilers 6 8 9 23
Flames 16 2 9 27

1st period

1. Flames , Mark Bell 13 (Michal Handzus, Steve Eminger) at 13:38
2. Flames , Steve Regier 14 (Milan Hejduk, Mikhail Grabovski) at 14:23
3. Flames , David Backes 30 (Eric Staal) at 16:05

Penalties :
Pavel Datsyuk (Edm) for Holding (Minor) at 4:48, Eric Staal (Cal) for Holding (Minor) at 16:14

2nd period

4. Oilers , Ilya Kovalchuk 41 (Jonathan Toews) at 1:28 (PP)

Penalties :
David Backes (Cal) for Holding Stick (Minor) at 1:11, Eric Staal (Cal) for Hooking (Minor) at 3:59, Tomas Fleischmann (Edm) for Hooking (Minor) at 16:55

3rd period

5. Flames , Jordin Tootoo 17 (Michal Handzus, Mark Bell) at 8:29
6. Oilers , Jonathan Toews 23 (Zach Bogosian, Scott Niedermayer) at 10:03

Penalties :
David Backes (Cal) for Holding (Minor) at 3:14, David Backes (Cal) for High sticking (Minor) at 13:27, Mark Bell (Cal) for Hooking (Minor) at 18:39

Goalie Stats

Cam Ward (Edm), 17 saves from 21 shots - (0,810), L, 25-21-4, 48:29 minutes
Sebastien Caron (Edm), 6 saves from 6 shots - (1,000), 11:31 minutes
Pekka Rinne (Cal), 21 saves from 23 shots - (0,913), W, 29-13-6, 60:00 minutes

Players Stats for Oilers

Player Name              G  A  P  +/- PIM S  H  SB GA TA FO     MP     PP MP  PK MP  
------------------------------------------------------------------------------------
Adam Burish              0  0  0   0  0   0  1  1  0  0  0/0    15:23   4:24   1:43 
Christian Ehrhoff        0  0  0  -3  0   0  1  2  1  1  0/0    21:45   4:56   1:36 
Duncan Keith             0  0  0   0  0   2  2  0  0  0  0/0    26:07   4:37   2:22 
Eric Nystrom             0  0  0   0  0   1  1  0  1  0  0/1    13:09   0:00   1:52 
Ian White                0  0  0   0  0   1  1  3  0  0  0/0    25:20   4:37   1:36 
Ilya Kovalchuk           1  0  1  -2  0   6  2  0  2  0  2/4    21:37   5:07   0:18 
Jonathan Toews           1  1  2  -1  0   1  1  1  0  0  13/21  17:55   5:07   0:30 
Olli Jokinen             0  0  0   0  0   1  0  0  0  0  1/2    10:02   0:00   0:00 
Patrick Kaleta           0  0  0  -2  0   0  0  1  0  0  0/0    14:44   0:02   0:00 
Patrick Kane             0  0  0  -1  0   4  0  0  2  0  0/0    19:37   5:09   0:00 
Pavel Datsyuk            0  0  0  -2  2   2  1  0  0  0  12/26  20:39   4:24   0:45 
Peter Regin              0  0  0   0  0   0  1  1  0  0  4/5    11:22   0:02   1:57 
Rob Scuderi              0  0  0  -3  0   2  1  1  1  1  0/0    15:47   0:00   2:21 
Scott Niedermayer        0  1  1   0  0   0  1  1  0  0  0/0    18:53   4:56   0:01 
Steve Begin              0  0  0   0  0   0  0  0  0  0  0/0     5:00   0:00   0:51 
Tomas Fleischmann        0  0  0  -1  2   1  0  0  0  0  0/1    16:30   4:24   0:00 
Wayne Simmonds           0  0  0   0  0   0  1  0  0  0  0/0    10:02   0:00   0:00 
Zach Bogosian            0  1  1   0  0   2  0  1  0  0  0/0    12:08   0:00   0:00 

Players Stats for Flames

Player Name              G  A  P  +/- PIM S  H  SB GA TA FO     MP     PP MP  PK MP  
------------------------------------------------------------------------------------
Alexander Semin          0  0  0   1  0   4  0  1  0  1  0/1    17:37   2:11   1:21 
Craig Adams              0  0  0   0  0   2  3  0  0  1  0/0     8:23   0:00   0:00 
David Backes             1  0  1   1  6   4  2  0  0  0  2/2    19:31   2:11   1:23 
Derek Meech              0  0  0   3  0   1  2  1  0  0  0/0    15:35   0:00   3:36 
Eric Staal               0  1  1   1  4   1  2  0  0  1  10/24  20:26   2:11   1:53 
Erik Johnson             0  0  0   0  0   1  1  0  1  0  0/0    18:21   2:01   3:36 
Filip Kuba               0  0  0   0  0   1  0  2  0  1  0/0    23:47   1:57   5:57 
Jordin Tootoo            1  0  1   1  0   3  1  0  0  1  0/1    14:57   0:00   2:43 
Mark Bell                1  1  2   1  2   2  2  0  0  1  0/0    13:37   1:47   0:03 
Michal Handzus           0  2  2   1  0   2  1  0  0  0  11/20  17:49   0:00   5:37 
Mike Leclerc             0  0  0   0  0   0  2  0  0  1  0/0    15:39   0:00   5:10 
Mikhail Grabovski        0  1  1   1  0   0  2  1  0  0  3/7    10:59   0:00   0:56 
Milan Hejduk             0  1  1   1  0   1  2  0  0  0  0/1    11:28   1:47   0:00 
Patrik Berglund          0  0  0   0  0   1  0  0  0  0  2/4    10:01   1:47   0:00 
Ron Hainsey              0  0  0   3  0   1  2  2  0  0  0/0    14:09   1:57   0:00 
Steve Eminger            0  1  1   0  0   1  1  4  0  0  0/0    27:30   0:00   5:57 
Steve Regier             1  0  1   1  0   2  0  1  0  0  0/0     9:54   0:00   0:00 
Tomas Kaberle            0  0  0   0  0   0  1  1  1  0  0/0    20:38   2:01   0:00 

3 Stars

1 - Mark Bell (Cal)
2 - Jonathan Toews (Edm)
3 - Jordin Tootoo (Cal)

Power Play

Oilers - 1 on 6 Attempt(s) - 16,67%
Flames - 0 on 2 Attempt(s) - 0,00%

Penalty Kill

Oilers - 2 on 2 Attempt(s) - 100,00% - Score 0 goal in Penalty Kill
Flames - 5 on 6 Attempt(s) - 83,33% - Score 0 goal in Penalty Kill

Team Stat

Oilers - Hits : 14 - Faceoff Wins : 32 - Blocked Shots : 12 - Penalty Minutes : 4
Flames - Hits : 24 - Faceoff Wins : 28 - Blocked Shots : 13 - Penalty Minutes : 12

Official

Referees : VanMassenhoven Don and Kimmerly Greg
Linesman : Mark Pare and Mark Wheler

Game Notes

Steve Begin is injured at 12:48 of 2nd period (Strained Right Knee)
Sebastien Caron enters game at 8:29 of 3rd period

Finance

Level 1 -- Attendance: 5137 (85,62%) -- Ticket Income 462 330 $
Level 2 -- Attendance: 3259 (65,18%) -- Ticket Income 211 835 $
Level 3 -- Attendance: 1331 (66,55%) -- Ticket Income 53 240 $
Level 4 -- Attendance: 2177 (54,43%) -- Ticket Income 65 310 $
Luxury Box -- Attendance: 618 (61,80%) -- Ticket Income 135 960 $
Game was played at the Metal Center'
Total Attendance: 12522 (69,57%)
Total Ticket Income: 928 675 $
Other Income: 139 301 $
Total Income: 1 067 976 $

Oilers

5 vs 5 Forward 
   Center                   Left Wing                Right Wing               Time % Phy DF OF 
 1 Pavel Datsyuk            Ilya Kovalchuk           Patrick Kaleta           40     1   2  2  
 2 Jonathan Toews           Tomas Fleischmann        Patrick Kane             35     1   1  3  
 3 Peter Regin              Eric Nystrom             Adam Burish              18     1   2  2  
 4 Olli Jokinen             Steve Begin              Wayne Simmonds           7      1   2  2  

5 vs 5 Defense 
   Defense                  Defense                                           Time % Phy DF OF 
 1 Ian White                Duncan Keith                                      39     1   2  2  
 2 Christian Ehrhoff        Rob Scuderi                                       30     1   2  2  
 3 Scott Niedermayer        Zach Bogosian                                     25     1   2  2  
 4 Christian Ehrhoff        Scott Niedermayer                                 6      1   2  2  

PowerPlay Forward 
   Center                   Left Wing                Right Wing               Time % Phy DF OF 
 1 Jonathan Toews           Ilya Kovalchuk           Patrick Kane             60     0   2  3  
 2 Pavel Datsyuk            Tomas Fleischmann        Adam Burish              40     0   2  3  

PowerPlay Defense
   Defense                  Defense                                           Time % Phy DF OF 
 1 Ian White                Duncan Keith                                      50     0   2  3  
 2 Christian Ehrhoff        Scott Niedermayer                                 50     0   2  3  

Penalty Kill 4 Players Forward 
   Center                   Wing                     Time % Phy DF OF 
 1 Pavel Datsyuk            Adam Burish              50     1   3  1  
 2 Peter Regin              Steve Begin              50     1   3  1  

Penalty Kill 4 Players Defense
   Defense                  Defense                  Time % Phy DF OF 
 1 Ian White                Christian Ehrhoff        50     1   3  1  
 2 Duncan Keith             Rob Scuderi              50     1   3  1  

Penalty Kill - 3 Players Forward 
   Forward                                           Time % Phy DF OF 
 1 Pavel Datsyuk                                     50     1   4  0  
 2 Jonathan Toews                                    50     1   4  0  

Penalty Kill - 3 Players Defense
   Defense                  Defense                  Time % Phy DF OF 
 1 Ian White                Christian Ehrhoff        50     1   4  0  
 2 Duncan Keith             Rob Scuderi              50     1   4  0  

4 vs 4 Forward 
   Center                   Wing                     Time % Phy DF OF 
 1 Pavel Datsyuk            Ilya Kovalchuk           50     1   2  2  
 2 Jonathan Toews           Patrick Kane             50     1   2  2  

4 vs 4 Defense
   Defense                  Defense                  Time % Phy DF OF 
 1 Ian White                Duncan Keith             50     1   2  2  
 2 Christian Ehrhoff        Scott Niedermayer        50     1   2  2  

Last Minutes Offensive
   Center                   Left Wing                Right Wing               Defense                  Defense                  
   Pavel Datsyuk            Ilya Kovalchuk           Patrick Kane             Ian White                Duncan Keith             

Last Minutes Defensive
   Center                   Left Wing                Right Wing               Defense                  Defense                  
   Pavel Datsyuk            Ilya Kovalchuk           Patrick Kane             Ian White                Duncan Keith             

Goaltenders
Starting : Cam Ward                 
Backup : Sebastien Caron          

Extra Forwards
Normal : Patrick Kane, Pavel Datsyuk, Ilya Kovalchuk - PP : Patrick Kaleta, Peter Regin - PK : Eric Nystrom
Extra Defensemen
Normal : Duncan Keith, Christian Ehrhoff, Ian White - PP : Zach Bogosian - PK : Scott Niedermayer, Zach Bogosian
Penalty Shots
Ilya Kovalchuk, Patrick Kane, Pavel Datsyuk, Jonathan Toews, Olli Jokinen

Flames

5 vs 5 Forward 
   Center                   Left Wing                Right Wing               Time % Phy DF OF 
 1 Eric Staal               Alexander Semin          David Backes             40     1   2  2  
 2 Michal Handzus           Mark Bell                Jordin Tootoo            30     1   2  2  
 3 Mikhail Grabovski        Steve Regier             Milan Hejduk             20     1   2  2  
 4 Patrik Berglund          Mike Leclerc             Craig Adams              10     1   2  2  

5 vs 5 Defense 
   Defense                  Defense                                           Time % Phy DF OF 
 1 Tomas Kaberle            Steve Eminger                                     40     1   2  2  
 2 Filip Kuba               Erik Johnson                                      30     1   2  2  
 3 Derek Meech              Ron Hainsey                                       20     1   2  2  
 4 Filip Kuba               Steve Eminger                                     10     1   2  2  

PowerPlay Forward 
   Center                   Left Wing                Right Wing               Time % Phy DF OF 
 1 Eric Staal               Alexander Semin          David Backes             60     1   2  2  
 2 Patrik Berglund          Mark Bell                Milan Hejduk             40     1   2  2  

PowerPlay Defense
   Defense                  Defense                                           Time % Phy DF OF 
 1 Tomas Kaberle            Erik Johnson                                      60     1   2  2  
 2 Filip Kuba               Ron Hainsey                                       40     1   2  2  

Penalty Kill 4 Players Forward 
   Center                   Wing                     Time % Phy DF OF 
 1 Michal Handzus           Mike Leclerc             60     1   3  1  
 2 Eric Staal               Jordin Tootoo            40     1   3  1  

Penalty Kill 4 Players Defense
   Defense                  Defense                  Time % Phy DF OF 
 1 Filip Kuba               Steve Eminger            60     1   3  1  
 2 Derek Meech              Erik Johnson             40     1   3  1  

Penalty Kill - 3 Players Forward 
   Forward                                           Time % Phy DF OF 
 1 Mike Leclerc                                      60     1   4  0  
 2 Craig Adams                                       40     1   4  0  

Penalty Kill - 3 Players Defense
   Defense                  Defense                  Time % Phy DF OF 
 1 Filip Kuba               Steve Eminger            60     1   4  0  
 2 Derek Meech              Erik Johnson             40     1   4  0  

4 vs 4 Forward 
   Center                   Wing                     Time % Phy DF OF 
 1 Eric Staal               Alexander Semin          60     1   2  2  
 2 Michal Handzus           David Backes             40     1   2  2  

4 vs 4 Defense
   Defense                  Defense                  Time % Phy DF OF 
 1 Filip Kuba               Steve Eminger            60     1   2  2  
 2 Tomas Kaberle            Erik Johnson             40     1   2  2  

Last Minutes Offensive
   Center                   Left Wing                Right Wing               Defense                  Defense                  
   Eric Staal               Alexander Semin          David Backes             Tomas Kaberle            Steve Eminger            

Last Minutes Defensive
   Center                   Left Wing                Right Wing               Defense                  Defense                  
   Eric Staal               Alexander Semin          David Backes             Filip Kuba               Steve Eminger            

Goaltenders
Starting : Pekka Rinne              
Backup : Craig Anderson           

Extra Forwards
Normal : Alexander Semin, Jordin Tootoo, Michal Handzus - PP : Mark Bell, Milan Hejduk - PK : David Backes
Extra Defensemen
Normal : Erik Johnson, Tomas Kaberle, Derek Meech - PP : Tomas Kaberle - PK : Erik Johnson, Filip Kuba
Penalty Shots
Alexander Semin, Eric Staal, David Backes, Milan Hejduk, Mark Bell

% Time on Ice - Oilers

Lines # - Real PCT - Wanted PCT - Time Play
Normal Forward
1 - 32% - 40% - 15:05
2 - 26% - 35% - 12:07
3 - 20% - 18% - 9:15
4 - 22% - 7% - 10:02
Normal Defense
1 - 41% - 39% - 19:07
2 - 32% - 30% - 14:41
3 - 25% - 25% - 11:31
4 - 3% - 6% - 1:10
PP Forward
1 - 54% - 60% - 5:09
2 - 46% - 40% - 4:24
PP Defense
1 - 48% - 50% - 4:37
2 - 52% - 50% - 4:56
PK Forward
1 - 47% - 50% - 1:53
2 - 53% - 50% - 2:05
PK Defense
1 - 40% - 50% - 1:36
2 - 60% - 50% - 2:22
PK3 Forward
1 - 0% - 50%
2 - 0% - 50%
PK3 Defense
1 - 0% - 50%
2 - 0% - 50%
44 Forward
1 - 0% - 50%
2 - 0% - 50%
44 Defense
1 - 0% - 50%
2 - 0% - 50%
Last Minute Offensive  - 0:00
Last Minute Defensive  - 0:00
Total
Forward - 60:00
Defense - 60:00

% Time on Ice - Flames

Lines # - Real PCT - Wanted PCT - Time Play
Normal Forward
1 - 35% - 40% - 16:11
2 - 26% - 30% - 12:01
3 - 21% - 20% - 9:54
4 - 18% - 10% - 8:23
Normal Defense
1 - 41% - 40% - 18:58
2 - 29% - 30% - 13:25
3 - 24% - 20% - 11:22
4 - 6% - 10% - 2:44
PP Forward
1 - 55% - 60% - 2:11
2 - 45% - 40% - 1:47
PP Defense
1 - 51% - 60% - 2:01
2 - 49% - 40% - 1:57
PK Forward
1 - 72% - 60% - 6:50
2 - 28% - 40% - 2:43
PK Defense
1 - 62% - 60% - 5:57
2 - 38% - 40% - 3:36
PK3 Forward
1 - 0% - 60%
2 - 0% - 40%
PK3 Defense
1 - 0% - 60%
2 - 0% - 40%
44 Forward
1 - 0% - 60%
2 - 0% - 40%
44 Defense
1 - 0% - 60%
2 - 0% - 40%
Last Minute Offensive  - 0:00
Last Minute Defensive  - 0:00
Total
Forward - 60:00
Defense - 60:00

Play by Play

1st period


0:01 of 1st period - Pavel Datsyuk wins face-off versus Eric Staal in neutral zone.
0:16 of 1st period - Snap shot by Pavel Datsyuk.
0:16 of 1st period - Shot Blocked by Steve Eminger.
1:10 of 1st period - Wrist shot by Patrik Berglund.
1:10 of 1st period - Shot Misses the Net.
1:12 of 1st period - Slapshot by Erik Johnson.
1:12 of 1st period - Shot Blocked by Adam Burish.
1:23 of 1st period - Icing by Rob Scuderi.
1:24 of 1st period - Eric Staal wins face-off versus Peter Regin in Oilers zone.
1:25 of 1st period - Snap shot by David Backes.
1:25 of 1st period - Shot Misses the Net.
1:27 of 1st period - Slapshot by Ron Hainsey.
1:27 of 1st period - Shot Misses the Net.
2:13 of 1st period - Milan Hejduk is hit by Rob Scuderi and loses puck.
2:54 of 1st period - Slapshot by Michal Handzus.
2:54 of 1st period - Shot Blocked by Rob Scuderi.
3:15 of 1st period - Backhand shot by Alexander Semin.
3:15 of 1st period - Stopped by Cam Ward with a rebound.
3:17 of 1st period - Slapshot by Steve Eminger.
3:17 of 1st period - Deflect By David Backes.
3:17 of 1st period - Stopped by Cam Ward with a rebound.
3:19 of 1st period - Slapshot by Steve Eminger.
3:19 of 1st period - Stopped by Cam Ward without a rebound.
3:20 of 1st period - Michal Handzus wins face-off versus Pavel Datsyuk in Oilers zone.
3:33 of 1st period - Snap shot by Michal Handzus.
3:33 of 1st period - Shot Blocked by Ian White.
3:35 of 1st period - Slapshot by Mark Bell.
3:35 of 1st period - Shot Misses the Net.
4:19 of 1st period - Wrist shot by Patrick Kane.
4:19 of 1st period - Shot Misses the Net.
4:21 of 1st period - Snap shot by Patrick Kane.
4:21 of 1st period - Shot Misses the Net.
4:48 of 1st period - Minor Penalty to Pavel Datsyuk for Holding.
4:49 of 1st period - Eric Staal wins face-off versus Eric Nystrom in Oilers zone.
5:00 of 1st period - Wrist shot by David Backes.
5:00 of 1st period - Stopped by Cam Ward with a rebound.
5:02 of 1st period - Snap shot by Alexander Semin.
5:02 of 1st period - Stopped by Cam Ward with a rebound.
5:04 of 1st period - Wrist shot by Erik Johnson.
5:04 of 1st period - Shot Misses the Net.
6:01 of 1st period - Ron Hainsey is hit by Peter Regin and loses puck.
6:48 of 1st period - Penalty to Pavel Datsyuk is over, Pavel Datsyuk is back on ice.
7:06 of 1st period - Wrist shot by Patrick Kane.
7:06 of 1st period - Stopped by Pekka Rinne with a rebound.
7:08 of 1st period - Snap shot by Tomas Fleischmann.
7:08 of 1st period - Shot Misses the Net.
7:10 of 1st period - Snap shot by Jonathan Toews.
7:10 of 1st period - Deflect By Patrick Kane.
7:10 of 1st period - Stopped by Pekka Rinne with a rebound.
7:12 of 1st period - Snap shot by Scott Niedermayer.
7:12 of 1st period - Shot Blocked by Filip Kuba.
7:14 of 1st period - Snap shot by Scott Niedermayer.
7:14 of 1st period - Shot Misses the Net.
7:24 of 1st period - Pavel Datsyuk is hit by Ron Hainsey and loses puck.
8:37 of 1st period - Ian White is hit by Craig Adams and loses puck.
8:55 of 1st period - Off-side.
8:56 of 1st period - Pavel Datsyuk wins face-off versus Eric Staal in neutral zone.
9:13 of 1st period - Rob Scuderi is hit by David Backes and loses puck.
9:28 of 1st period - Icing by Peter Regin.
9:29 of 1st period - Peter Regin wins face-off versus Michal Handzus in Oilers zone.
9:45 of 1st period - Wrist shot by Jordin Tootoo.
9:45 of 1st period - Deflect By Michal Handzus.
9:45 of 1st period - Shot Misses the Net.
9:45 of 1st period - Puck is out of play.
9:46 of 1st period - Eric Staal wins face-off versus Ilya Kovalchuk in Oilers zone.
9:59 of 1st period - Snap shot by Alexander Semin.
9:59 of 1st period - Stopped by Cam Ward without a rebound.
10:00 of 1st period - David Backes wins face-off versus Jonathan Toews in Oilers zone.
10:31 of 1st period - Off-side.
10:32 of 1st period - Michal Handzus wins face-off versus Pavel Datsyuk in neutral zone.
10:43 of 1st period - Snap shot by Jordin Tootoo.
10:43 of 1st period - Stopped by Cam Ward with a rebound.
10:45 of 1st period - Snap shot by Mark Bell.
10:45 of 1st period - Stopped by Cam Ward without a rebound.
10:46 of 1st period - Jonathan Toews wins face-off versus Eric Staal in Oilers zone.
11:11 of 1st period - Ilya Kovalchuk is hit by Milan Hejduk and loses puck.
11:54 of 1st period - Slapshot by Ian White.
11:54 of 1st period - Stopped by Pekka Rinne without a rebound.
11:55 of 1st period - Jonathan Toews wins face-off versus Patrik Berglund in Flames zone.
11:58 of 1st period - Snap shot by Patrick Kane.
11:58 of 1st period - Shot Misses the Net.
12:11 of 1st period - Snap shot by Craig Adams.
12:11 of 1st period - Shot Misses the Net.
12:25 of 1st period - Snap shot by Patrick Kane.
12:25 of 1st period - Deflect By Tomas Fleischmann.
12:25 of 1st period - Stopped by Pekka Rinne with a rebound.
12:28 of 1st period - Icing by Filip Kuba.
12:29 of 1st period - Patrik Berglund wins face-off versus Pavel Datsyuk in Flames zone.
12:38 of 1st period - Wrist shot by Pavel Datsyuk.
12:38 of 1st period - Stopped by Pekka Rinne with a rebound.
13:02 of 1st period - Wrist shot by Patrik Berglund.
13:02 of 1st period - Shot Blocked by Peter Regin.
13:04 of 1st period - Slapshot by Mike Leclerc.
13:04 of 1st period - Shot Misses the Net.
13:06 of 1st period - Slapshot by Filip Kuba.
13:06 of 1st period - Stopped by Cam Ward without a rebound.
13:07 of 1st period - Eric Staal wins face-off versus Pavel Datsyuk in Oilers zone.
13:32 of 1st period - Wrist shot by Michal Handzus.
13:32 of 1st period - Shot Blocked by Christian Ehrhoff.
13:34 of 1st period - Snap shot by Michal Handzus.
13:34 of 1st period - Shot Misses the Net.
13:36 of 1st period - Wrist shot by Mark Bell.
13:36 of 1st period - Shot Misses the Net.
13:38 of 1st period - Snap shot by Mark Bell.
13:38 of 1st period - Goal by Mark Bell - Oilers : 0 - Flames : 1.
13:39 of 1st period - Pavel Datsyuk wins face-off versus Eric Staal in neutral zone.
13:48 of 1st period - Backhand shot by Ilya Kovalchuk.
13:48 of 1st period - Stopped by Pekka Rinne with a rebound.
14:13 of 1st period - Snap shot by Michal Handzus.
14:13 of 1st period - Stopped by Cam Ward without a rebound.
14:14 of 1st period - Mikhail Grabovski wins face-off versus Pavel Datsyuk in Oilers zone.
14:23 of 1st period - Slapshot by Steve Regier.
14:23 of 1st period - Goal by Steve Regier - Oilers : 0 - Flames : 2.
14:24 of 1st period - Jonathan Toews wins face-off versus Eric Staal in neutral zone.
15:36 of 1st period - Icing by Scott Niedermayer.
15:37 of 1st period - Jonathan Toews wins face-off versus Patrik Berglund in Oilers zone.
15:55 of 1st period - Slapshot by Patrik Berglund.
15:55 of 1st period - Stopped by Cam Ward with a rebound.
15:57 of 1st period - Slapshot by Derek Meech.
15:57 of 1st period - Deflect By Jonathan Toews.
15:57 of 1st period - Stopped by Cam Ward with a rebound.
15:59 of 1st period - Slapshot by Ron Hainsey.
15:59 of 1st period - Shot Misses the Net.
16:01 of 1st period - Slapshot by Filip Kuba.
16:01 of 1st period - Shot Blocked by Ian White.
16:03 of 1st period - Slapshot by Erik Johnson.
16:03 of 1st period - Stopped by Cam Ward without a rebound.
16:04 of 1st period - Eric Staal wins face-off versus Pavel Datsyuk in Oilers zone.
16:05 of 1st period - Wrist shot by David Backes.
16:05 of 1st period - Goal by David Backes - Oilers : 0 - Flames : 3.
16:06 of 1st period - Ilya Kovalchuk wins face-off versus Eric Staal in neutral zone.
16:14 of 1st period - Minor Penalty to Eric Staal for Holding.
16:15 of 1st period - Michal Handzus wins face-off versus Jonathan Toews in Flames zone.
17:53 of 1st period - Icing by Scott Niedermayer.
17:54 of 1st period - Pavel Datsyuk wins face-off versus Mikhail Grabovski in Oilers zone.
18:14 of 1st period - Penalty to Eric Staal is over, Eric Staal is back on ice.
19:09 of 1st period - Patrick Kaleta is hit by Mark Bell and loses puck.
19:58 of 1st period - Wrist shot by David Backes.
19:58 of 1st period - Deflect By Eric Staal.
19:58 of 1st period - Shot Blocked by Christian Ehrhoff.
19:58 of 1st period - Puck is out of play.
19:59 of 1st period - Jonathan Toews wins face-off versus Eric Staal in Oilers zone.
Goals for this period are 0 for Oilers vs 3 for Flames.
Shots for this period are 6 for Oilers vs 16 for Flames.

2nd period


0:01 of 2nd period - Pavel Datsyuk wins face-off versus Eric Staal in neutral zone.
1:08 of 2nd period - Snap shot by Olli Jokinen.
1:08 of 2nd period - Stopped by Pekka Rinne without a rebound.
1:09 of 2nd period - Eric Staal wins face-off versus Pavel Datsyuk in Flames zone.
1:11 of 2nd period - Minor Penalty to David Backes for Holding Stick.
1:12 of 2nd period - Jonathan Toews wins face-off versus Michal Handzus in Flames zone.
1:12 of 2nd period - Snap shot by Ilya Kovalchuk.
1:12 of 2nd period - Shot Misses the Net.
1:14 of 2nd period - Slapshot by Scott Niedermayer.
1:14 of 2nd period - Shot Blocked by Filip Kuba.
1:18 of 2nd period - Slapshot by Patrick Kane.
1:18 of 2nd period - Stopped by Pekka Rinne without a rebound.
1:19 of 2nd period - Jonathan Toews wins face-off versus Michal Handzus in Flames zone.
1:20 of 2nd period - Slapshot by Ilya Kovalchuk.
1:20 of 2nd period - Shot Misses the Net.
1:28 of 2nd period - Wrist shot by Ilya Kovalchuk.
1:28 of 2nd period - Goal by Ilya Kovalchuk - Oilers : 1 - Flames : 3.
1:29 of 2nd period - Pavel Datsyuk wins face-off versus Alexander Semin in neutral zone.
1:39 of 2nd period - Slapshot by Zach Bogosian.
1:39 of 2nd period - Stopped by Pekka Rinne with a rebound.
1:41 of 2nd period - Slapshot by Ilya Kovalchuk.
1:41 of 2nd period - Shot Blocked by Alexander Semin.
1:43 of 2nd period - Wrist shot by Pavel Datsyuk.
1:43 of 2nd period - Stopped by Pekka Rinne without a rebound.
1:44 of 2nd period - Jonathan Toews wins face-off versus Jordin Tootoo in Flames zone.
1:55 of 2nd period - Snap shot by Tomas Fleischmann.
1:55 of 2nd period - Shot Misses the Net.
2:09 of 2nd period - Filip Kuba is hit by Ilya Kovalchuk and loses puck.
3:42 of 2nd period - Backhand shot by Pavel Datsyuk.
3:42 of 2nd period - Shot Misses the Net.
3:44 of 2nd period - Slapshot by Rob Scuderi.
3:44 of 2nd period - Stopped by Pekka Rinne without a rebound.
3:45 of 2nd period - Peter Regin wins face-off versus Mikhail Grabovski in Flames zone.
3:50 of 2nd period - Snap shot by Eric Nystrom.
3:50 of 2nd period - Shot Misses the Net.
3:52 of 2nd period - Slapshot by Eric Nystrom.
3:52 of 2nd period - Shot Blocked by Mikhail Grabovski.
3:54 of 2nd period - Snap shot by Rob Scuderi.
3:54 of 2nd period - Shot Blocked by Tomas Kaberle.
3:56 of 2nd period - Snap shot by Eric Nystrom.
3:56 of 2nd period - Stopped by Pekka Rinne without a rebound.
3:57 of 2nd period - David Backes wins face-off versus Pavel Datsyuk in Flames zone.
3:59 of 2nd period - Minor Penalty to Eric Staal for Hooking.
4:00 of 2nd period - Jonathan Toews wins face-off versus Michal Handzus in Flames zone.
4:00 of 2nd period - Slapshot by Patrick Kane.
4:00 of 2nd period - Shot Blocked by Steve Eminger.
4:51 of 2nd period - Mike Leclerc is hit by Scott Niedermayer and loses puck.
5:59 of 2nd period - Penalty to Eric Staal is over, Eric Staal is back on ice.
6:15 of 2nd period - Ian White is hit by Mikhail Grabovski and loses puck.
6:48 of 2nd period - Pavel Datsyuk is hit by Tomas Kaberle and loses puck.
7:18 of 2nd period - Icing by Steve Regier.
7:19 of 2nd period - Mikhail Grabovski wins face-off versus Tomas Fleischmann in Flames zone.
7:24 of 2nd period - Tomas Fleischmann is hit by Eric Staal and loses puck.
8:42 of 2nd period - Icing by Steve Eminger.
8:43 of 2nd period - Jonathan Toews wins face-off versus Eric Staal in Flames zone.
9:22 of 2nd period - Mark Bell is hit by Ilya Kovalchuk and loses puck.
9:35 of 2nd period - Wrist shot by Steve Regier.
9:35 of 2nd period - Shot Misses the Net.
10:02 of 2nd period - Olli Jokinen is hit by Mikhail Grabovski and loses puck.
10:22 of 2nd period - Patrick Kane is hit by Erik Johnson and loses puck.
10:41 of 2nd period - Wrist shot by Jordin Tootoo.
10:41 of 2nd period - Shot Misses the Net.
11:25 of 2nd period - Slapshot by Ian White.
11:25 of 2nd period - Shot Blocked by Ron Hainsey.
11:27 of 2nd period - Slapshot by Duncan Keith.
11:27 of 2nd period - Stopped by Pekka Rinne without a rebound.
11:28 of 2nd period - Michal Handzus wins face-off versus Jonathan Toews in Flames zone.
11:45 of 2nd period - Scott Niedermayer is hit by Mark Bell and loses puck.
12:47 of 2nd period - Steve Begin is hit by Ron Hainsey and loses puck.
12:48 of 2nd period - Steve Begin from Oilers is injured at 12:48 of 2nd period (Strained Right Knee).
12:49 of 2nd period - Pavel Datsyuk wins face-off versus Eric Staal in Oilers zone.
13:14 of 2nd period - Filip Kuba is hit by Ian White and loses puck.
13:25 of 2nd period - Filip Kuba is hit by Adam Burish.
13:37 of 2nd period - Slapshot by Filip Kuba.
13:37 of 2nd period - Shot Blocked by Jonathan Toews.
14:22 of 2nd period - Icing by Christian Ehrhoff.
14:23 of 2nd period - Patrik Berglund wins face-off versus Olli Jokinen in Oilers zone.
14:32 of 2nd period - Snap shot by Patrick Kane.
14:32 of 2nd period - Shot Misses the Net.
14:56 of 2nd period - Snap shot by Peter Regin.
14:56 of 2nd period - Shot Blocked by Derek Meech.
14:58 of 2nd period - Wrist shot by Peter Regin.
14:58 of 2nd period - Shot Misses the Net.
15:30 of 2nd period - Snap shot by Tomas Fleischmann.
15:30 of 2nd period - Shot Blocked by Steve Regier.
15:49 of 2nd period - Scott Niedermayer is hit by Mike Leclerc and loses puck.
16:36 of 2nd period - Snap shot by David Backes.
16:36 of 2nd period - Stopped by Cam Ward without a rebound.
16:37 of 2nd period - Pavel Datsyuk wins face-off versus Michal Handzus in Oilers zone.
16:52 of 2nd period - Wrist shot by Jordin Tootoo.
16:52 of 2nd period - Stopped by Cam Ward without a rebound.
16:53 of 2nd period - Jonathan Toews wins face-off versus Mikhail Grabovski in Oilers zone.
16:55 of 2nd period - Minor Penalty to Tomas Fleischmann for Hooking.
16:56 of 2nd period - Peter Regin wins face-off versus Eric Staal in Oilers zone.
17:22 of 2nd period - Peter Regin is hit by Milan Hejduk.
17:51 of 2nd period - Icing by Alexander Semin.
17:52 of 2nd period - Peter Regin wins face-off versus Eric Staal in Flames zone.
18:55 of 2nd period - Penalty to Tomas Fleischmann is over, Tomas Fleischmann is back on ice.
19:10 of 2nd period - Scott Niedermayer is hit by Michal Handzus and loses puck.
Goals for this period are 1 for Oilers vs 0 for Flames.
Shots for this period are 8 for Oilers vs 2 for Flames.

3rd period


0:01 of 3rd period - Eric Staal wins face-off versus Jonathan Toews in neutral zone.
1:00 of 3rd period - Wrist shot by Mark Bell.
1:00 of 3rd period - Shot Blocked by Scott Niedermayer.
1:18 of 3rd period - Slapshot by Tomas Fleischmann.
1:18 of 3rd period - Shot Blocked by Steve Eminger.
2:20 of 3rd period - Ian White is hit by Craig Adams and loses puck.
2:48 of 3rd period - Icing by Christian Ehrhoff.
2:49 of 3rd period - Eric Staal wins face-off versus Pavel Datsyuk in Oilers zone.
2:50 of 3rd period - Snap shot by David Backes.
2:50 of 3rd period - Shot Blocked by Patrick Kaleta.
2:58 of 3rd period - Slapshot by Ilya Kovalchuk.
2:58 of 3rd period - Stopped by Pekka Rinne with a rebound.
3:00 of 3rd period - Slapshot by Rob Scuderi.
3:00 of 3rd period - Stopped by Pekka Rinne without a rebound.
3:01 of 3rd period - Eric Staal wins face-off versus Pavel Datsyuk in Flames zone.
3:06 of 3rd period - Christian Ehrhoff is hit by Steve Eminger and loses puck.
3:14 of 3rd period - Minor Penalty to David Backes for Holding.
3:15 of 3rd period - Michal Handzus wins face-off versus Jonathan Toews in Flames zone.
3:31 of 3rd period - Off-side.
3:32 of 3rd period - Michal Handzus wins face-off versus Jonathan Toews in neutral zone.
4:03 of 3rd period - Icing by Pavel Datsyuk.
4:04 of 3rd period - Pavel Datsyuk wins face-off versus Eric Staal in Oilers zone.
4:23 of 3rd period - Snap shot by Adam Burish.
4:23 of 3rd period - Shot Misses the Net.
4:25 of 3rd period - Slapshot by Duncan Keith.
4:25 of 3rd period - Deflect By Erik Johnson.
4:25 of 3rd period - Stopped by Pekka Rinne without a rebound.
4:26 of 3rd period - Michal Handzus wins face-off versus Ilya Kovalchuk in Flames zone.
5:05 of 3rd period - Filip Kuba is hit by Duncan Keith.
5:14 of 3rd period - Penalty to David Backes is over, David Backes is back on ice.
5:29 of 3rd period - Snap shot by Milan Hejduk.
5:29 of 3rd period - Shot Misses the Net.
5:31 of 3rd period - Slapshot by Ron Hainsey.
5:31 of 3rd period - Shot Misses the Net.
5:59 of 3rd period - Rob Scuderi is hit by Jordin Tootoo and loses puck.
6:42 of 3rd period - Mike Leclerc is hit by Pavel Datsyuk and loses puck.
6:53 of 3rd period - Pavel Datsyuk is hit by Craig Adams.
6:59 of 3rd period - Snap shot by Michal Handzus.
6:59 of 3rd period - Shot Misses the Net.
7:01 of 3rd period - Slapshot by Ron Hainsey.
7:01 of 3rd period - Stopped by Cam Ward without a rebound.
7:02 of 3rd period - Olli Jokinen wins face-off versus Michal Handzus in Oilers zone.
8:21 of 3rd period - Slapshot by Craig Adams.
8:21 of 3rd period - Stopped by Cam Ward without a rebound.
8:22 of 3rd period - Jonathan Toews wins face-off versus Michal Handzus in Oilers zone.
8:29 of 3rd period - Snap shot by Jordin Tootoo.
8:29 of 3rd period - Goal by Jordin Tootoo - Oilers : 1 - Flames : 4.
8:29 of 3rd period - Sebastien Caron enters game.
8:30 of 3rd period - Jonathan Toews wins face-off versus Eric Staal in neutral zone.
8:41 of 3rd period - Wrist shot by Jonathan Toews.
8:41 of 3rd period - Shot Misses the Net.
8:55 of 3rd period - Snap shot by Ilya Kovalchuk.
8:55 of 3rd period - Shot Blocked by Steve Eminger.
9:16 of 3rd period - Milan Hejduk is hit by Eric Nystrom and loses puck.
9:43 of 3rd period - Slapshot by Scott Niedermayer.
9:43 of 3rd period - Shot Blocked by Ron Hainsey.
9:55 of 3rd period - Snap shot by Michal Handzus.
9:55 of 3rd period - Shot Blocked by Zach Bogosian.
10:01 of 3rd period - Slapshot by Zach Bogosian.
10:01 of 3rd period - Stopped by Pekka Rinne with a rebound.
10:03 of 3rd period - Snap shot by Jonathan Toews.
10:03 of 3rd period - Goal by Jonathan Toews - Oilers : 2 - Flames : 4.
10:04 of 3rd period - Eric Staal wins face-off versus Pavel Datsyuk in neutral zone.
10:11 of 3rd period - Wrist shot by Alexander Semin.
10:11 of 3rd period - Stopped by Sebastien Caron with a rebound.
10:19 of 3rd period - Snap shot by Ilya Kovalchuk.
10:19 of 3rd period - Stopped by Pekka Rinne with a rebound.
11:22 of 3rd period - Eric Staal is hit by Wayne Simmonds and loses puck.
11:39 of 3rd period - Snap shot by Craig Adams.
11:39 of 3rd period - Stopped by Sebastien Caron with a rebound.
11:41 of 3rd period - Snap shot by Patrik Berglund.
11:41 of 3rd period - Deflect By Mike Leclerc.
11:41 of 3rd period - Shot Blocked by Ian White.
11:41 of 3rd period - Puck is out of play.
11:42 of 3rd period - Michal Handzus wins face-off versus Pavel Datsyuk in Oilers zone.
11:45 of 3rd period - Wrist shot by Michal Handzus.
11:45 of 3rd period - Shot Misses the Net.
11:47 of 3rd period - Snap shot by Michal Handzus.
11:47 of 3rd period - Stopped by Sebastien Caron without a rebound.
11:48 of 3rd period - Pavel Datsyuk wins face-off versus Michal Handzus in Oilers zone.
11:48 of 3rd period - Pavel Datsyuk is hit by Derek Meech.
11:56 of 3rd period - Snap shot by Ilya Kovalchuk.
11:56 of 3rd period - Stopped by Pekka Rinne with a rebound.
12:04 of 3rd period - Snap shot by Michal Handzus.
12:04 of 3rd period - Shot Misses the Net.
12:16 of 3rd period - Snap shot by Patrick Kane.
12:16 of 3rd period - Shot Misses the Net.
12:22 of 3rd period - Snap shot by Patrick Kane.
12:22 of 3rd period - Shot Misses the Net.
13:27 of 3rd period - Minor Penalty to David Backes for High sticking.
13:28 of 3rd period - Michal Handzus wins face-off versus Jonathan Toews in Flames zone.
13:45 of 3rd period - Michal Handzus is hit by Christian Ehrhoff and loses puck.
15:27 of 3rd period - Penalty to David Backes is over, David Backes is back on ice.
15:46 of 3rd period - Christian Ehrhoff is hit by David Backes and loses puck.
15:57 of 3rd period - Eric Nystrom is hit by Mike Leclerc and loses puck.
16:09 of 3rd period - Tomas Kaberle is hit by Duncan Keith and loses puck.
17:12 of 3rd period - Slapshot by Eric Staal.
17:12 of 3rd period - Shot Misses the Net.
17:17 of 3rd period - Snap shot by Eric Staal.
17:17 of 3rd period - Stopped by Sebastien Caron without a rebound.
17:18 of 3rd period - Pavel Datsyuk wins face-off versus Milan Hejduk in Oilers zone.
17:27 of 3rd period - Backhand shot by Milan Hejduk.
17:27 of 3rd period - Stopped by Sebastien Caron without a rebound.
17:28 of 3rd period - Ilya Kovalchuk wins face-off versus Mikhail Grabovski in Oilers zone.
17:33 of 3rd period - Pavel Datsyuk is hit by Derek Meech and loses puck.
17:40 of 3rd period - Slapshot by Steve Regier.
17:40 of 3rd period - Stopped by Sebastien Caron without a rebound.
17:41 of 3rd period - Mikhail Grabovski wins face-off versus Pavel Datsyuk in Oilers zone.
18:06 of 3rd period - Jordin Tootoo is hit by Jonathan Toews and loses puck.
18:11 of 3rd period - Snap shot by Tomas Fleischmann.
18:11 of 3rd period - Deflect By Patrick Kane.
18:11 of 3rd period - Stopped by Pekka Rinne with a rebound.
18:13 of 3rd period - Slapshot by Duncan Keith.
18:13 of 3rd period - Deflect By Tomas Fleischmann.
18:13 of 3rd period - Shot Misses the Net.
18:13 of 3rd period - Puck is out of play.
18:14 of 3rd period - Pavel Datsyuk wins face-off versus Michal Handzus in Flames zone.
18:17 of 3rd period - Wrist shot by Ilya Kovalchuk.
18:17 of 3rd period - Stopped by Pekka Rinne without a rebound.
18:18 of 3rd period - Michal Handzus wins face-off versus Pavel Datsyuk in Flames zone.
18:39 of 3rd period - Minor Penalty to Mark Bell for Hooking.
18:40 of 3rd period - Michal Handzus wins face-off versus Jonathan Toews in Flames zone.
19:09 of 3rd period - Christian Ehrhoff is hit by Eric Staal and loses puck.
Goals for this period are 1 for Oilers vs 1 for Flames.
Shots for this period are 9 for Oilers vs 9 for Flames.


Output by the SimonT Hockey Simulator (STHS) for François Prévost -- Original Page W3C XHTML 1.0 Valid
Hockey Simulator - Hockey Simulation - Hockey Manager